[Event "Team 45 45 League T54"]
[Site "Internet Chess Club"]
[Date "2012.08.26"]
[Round "2"]
[White "HomerSimpson"]
[Black "MarioFrank"]
[Result "1/2-1/2"]
[WhiteElo "2116"]
[BlackElo "1948"]
[Opening "Polish (Sokolsky) opening"]
[ECO "A00"]
[Time "15:11:02"]
[TimeControl "2700+45"]

1. b4 d5 2. Bb2 Nf6 3. Nf3 Bg4 4. Ne5 Bh5 5. c4 e6 6. Qb3 Nbd7 7. e3 Nxe5 8.
Bxe5 Bd6 9. Bxd6 Qxd6 10. Nc3 O-O 11. Rc1 c6 12. d4 a6 13. Bd3 Bg6 14. Bxg6 hxg6
15. O-O Ng4 16. g3 f5 17. a4 g5 18. Ne2 Nf6 19. Rc2 dxc4 20. Rxc4 Nd5 21. b5
cxb5 22. axb5 a5 23. Rfc1 f4 24. e4 Nb6 25. Rc5 f3 26. Nc3 Rae8 27. Na4 Nd7 28.
Rxg5 Qxd4 29. Qd1 Qxd1+ 30. Rxd1 Nf6 31. e5 Nd5 32. Nc5 Nc3 33. Rd7 Rf7 34. Rxf7
Kxf7 35. Nxb7 Rb8 36. Nd6+ Kg8 37. Rg4 Nxb5 38. h4 Nc3 39. Rc4 Rb3 40. Ne4 Ne2+
41. Kh2 Rb8 42. Ng5 Ra8 43. Nxf3 a4 44. Nd2 a3 45. Nb3 Rb8 46. Rc2 Rxb3 47. Rxe2
Rb2 48. Re3 Rxf2+ 49. Kh3 a2 50. Ra3 Kh7 51. Kg4 Kg6 52. Ra6 Kh7 53. Ra7 {Game
drawn by mutual agreement} 1/2-1/2

[Event "Team 45 45 League T54"]
[Site "Internet Chess Club"]
[Date "2012.08.28"]
[Round "2"]
[White "hidemitsu"]
[Black "rdmuhcu"]
[Result "0-1"]
[WhiteElo "2214"]
[BlackElo "2274"]
[Opening "Queen's pawn game"]
[ECO "D02"]
[Time "09:16:54"]
[TimeControl "2700+45"]

1. d4 d5 2. Nf3 Bg4 3. c4 Nc6 4. cxd5 Bxf3 5. exf3 Qxd5 6. Nc3 Qxd4 7. Be3 Qxd1+
8. Rxd1 e6 9. a3 Bd6 10. Nb5 Ke7 11. Bc4 a6 12. Nxd6 cxd6 13. O-O Nf6 14. b4 b5
15. Be2 Ne5 16. Rc1 Rhc8 17. a4 Nc4 18. Bd4 e5 19. Rfe1 Nd5 20. f4 Nxf4 21. Bf1
Nd5 22. Rb1 bxa4 23. b5 Na3 24. Rbd1 Nc2 25. b6 Rab8 26. Bxa6 Nxe1 27. Bxc8 Nc2
28. Bxe5 dxe5 29. b7 {White resigns} 0-1

[Event "Team 45 45 League T54"]
[Site "Internet Chess Club"]
[Date "2012.08.25"]
[Round "2"]
[White "SlimeDog2"]
[Black "helloall"]
[Result "1-0"]
[WhiteElo "2201"]
[BlackElo "2197"]
[Opening "Nimzo-Indian: classical variation"]
[ECO "E32"]
[Time "21:28:40"]
[TimeControl "2700+45"]

1. d4 Nf6 2. c4 e6 3. Nc3 Bb4 4. Qc2 O-O 5. a3 Bxc3+ 6. Qxc3 d5 7. Bg5 dxc4 8.
Qxc4 b6 9. Nf3 Bb7 10. e3 Nbd7 11. Be2 c5 12. O-O h6 13. Bh4 g5 14. Bg3 Ne4 15.
dxc5 Nxg3 16. hxg3 Nxc5 17. Rfd1 Qf6 18. b4 Ba6 19. Qc2 Bxe2 20. Qxe2 Ne4 21.
Rac1 Rac8 22. Qa6 Rxc1 23. Rxc1 g4 24. Qd3 Nxg3 25. Nh2 Qb2 26. Re1 Nf5 27. Nxg4
Rc8 28. e4 Rc1 29. Qf1 Rxe1 30. Qxe1 Qg7 31. Qd1 Nd4 32. e5 Nf5 33. Nf6+ {Black
resigns} 1-0

[Event "Team 45 45 League T54"]
[Site "Internet Chess Club"]
[Date "2012.08.26"]
[Round "2"]
[White "daniguti"]
[Black "eurander"]
[Result "1-0"]
[WhiteElo "1879"]
[BlackElo "2109"]
[Opening "Caro-Kann defense"]
[ECO "B10"]
[Time "12:08:04"]
[TimeControl "2700+45"]

1. e4 c6 2. Nf3 d5 3. exd5 cxd5 4. Ne5 Nd7 5. d4 Nxe5 6. dxe5 e6 7. Bd3 Qc7 8.
Qe2 Ne7 9. c3 Ng6 10. f4 Bd7 11. O-O Be7 12. Nd2 a6 13. a4 O-O 14. a5 Bb5 15.
Bxb5 Qc5+ 16. Kh1 Qxb5 17. Qxb5 axb5 18. Nb3 b4 19. Bd2 bxc3 20. Bxc3 Rfc8 21.
Nd4 Bc5 22. f5 Bxd4 23. Bxd4 exf5 24. Rxf5 Ne7 25. Rf3 Nc6 26. Rd3 Nxd4 27. Rxd4
Rxa5 28. Rad1 Rc2 29. Rb4 Rc7 30. h3 Kf8 31. Rd3 Rc4 32. Rxb7 Re4 33. Rf3 Rxe5
34. Rfxf7+ Ke8 35. Rxg7 Kf8 36. Rxh7 Kg8 37. Rhd7 Re8 38. b4 Ra1+ 39. Kh2 {Black
resigns} 1-0

[Event "Team 45 45 League T54"]
[Site "Internet Chess Club"]
[Date "2012.08.26"]
[Round "2"]
[White "aww-rats"]
[Black "Geeloo"]
[Result "0-1"]
[WhiteElo "2069"]
[BlackElo "2116"]
[Opening "Réti opening"]
[ECO "A05"]
[Time "16:18:25"]
[TimeControl "2700+45"]

1. Nf3 Nf6 2. g3 d5 3. Bg2 e6 4. O-O Be7 5. d3 c5 6. c3 O-O 7. Nbd2 Nc6 8. Qc2
e5 9. e4 dxe4 10. dxe4 h6 11. Nc4 Qc7 12. b3 Be6 13. Ne3 Rad8 14. Bb2 g6 15.
Rad1 b5 16. Nh4 Qb7 17. Nd5 Rd7 18. f4 Nh5 19. f5 Bxh4 20. gxh4 gxf5 21. exf5
Bxd5 22. Bxd5 Nf4 23. Rxf4 exf4 24. Kh1 Rxd5 25. Rxd5 Ne7 26. Qg2+ Kh7 27. Rxc5
f3 28. Qf2 Qe4 29. h3 Rg8 30. Rxb5 Rg2 31. Rb4 Qb1+ {White resigns} 0-1

[Event "Team 45 45 League T54"]
[Site "Internet Chess Club"]
[Date "2012.08.27"]
[Round "2"]
[White "Uwak"]
[Black "chiiwen"]
[Result "1-0"]
[WhiteElo "2474"]
[BlackElo "2198"]
[Opening "Sicilian defense"]
[ECO "B40"]
[Time "12:05:40"]
[TimeControl "2700+45"]

1. e4 c5 2. Nf3 e6 3. d3 Nc6 4. g3 g6 5. Bg2 Bg7 6. O-O Nge7 7. c3 e5 8. a3 O-O
9. b4 d6 10. Nbd2 h6 11. Rb1 b6 12. Re1 Be6 13. Bb2 f5 14. exf5 Bxf5 15. Nc4 Rc8
16. b5 Nb8 17. Nh4 Be6 18. f4 g5 19. fxg5 hxg5 20. Nf3 Nf5 21. Bc1 Bh6 22. g4
Ng7 23. h4 Bxg4 24. hxg5 Bxf3 25. Bxf3 Bxg5 26. Bd5+ Kh7 27. Re2 Bf4 28. Bxf4
Rxf4 29. Rh2+ Kg6 30. Rbb2 Kf6 31. Rbg2 Nf5 32. Qh5 {Black resigns} 1-0

[Event "Team 45 45 League T54"]
[Site "Internet Chess Club"]
[Date "2012.08.24"]
[Round "2"]
[White "MassCarnage"]
[Black "searchforbobby1"]
[Result "1/2-1/2"]
[WhiteElo "2065"]
[BlackElo "2151"]
[Opening "Sicilian: closed"]
[ECO "B23"]
[Time "19:02:40"]
[TimeControl "2700+45"]

1. e4 c5 2. Nc3 a6 3. a4 d6 4. f4 Nc6 5. Bc4 Nf6 6. Nf3 e6 7. d3 d5 8. Bb3 dxe4
9. Nxe4 Nxe4 10. dxe4 Qxd1+ 11. Kxd1 Na5 12. Ba2 b5 13. Bd2 Nc6 14. Ke2 Bb7 15.
Bb1 Bd6 16. axb5 axb5 17. Rxa8+ Bxa8 18. c3 f6 19. Bc2 Kd7 20. Ra1 Bb7 21. g3
Ra8 22. Rxa8 Bxa8 23. Be3 g6 24. h4 e5 25. fxe5 Nxe5 26. Nxe5+ Bxe5 27. Kf3 Kd6
28. Bf4 Bc6 29. g4 Ke6 30. Ke3 Bxf4+ 31. Kxf4 h6 32. Bb3+ c4 33. Bc2 g5+ 34.
hxg5 hxg5+ 35. Ke3 Ke5 36. Kf3 Kd6 37. Ke3 Kc5 38. Bd1 Bd7 39. Be2 Be6 40. Bd1
Bd7 41. Be2 Bc8 42. Bd1 Bb7 43. Be2 {Game drawn by mutual agreement} 1/2-1/2

[Event "Team 45 45 League T54"]
[Site "Internet Chess Club"]
[Date "2012.08.25"]
[Round "2"]
[White "barbak"]
[Black "boknoy"]
[Result "1-0"]
[WhiteElo "1930"]
[BlackElo "1959"]
[Opening "Sicilian: Taimanov variation"]
[ECO "B49"]
[Time "10:00:22"]
[TimeControl "2700+45"]

1. e4 c5 2. Nf3 e6 3. d4 cxd4 4. Nxd4 a6 5. Nc3 Nc6 6. Be3 Qc7 7. Be2 Nf6 8. O-O
b5 9. Nxc6 dxc6 10. f4 b4 11. Na4 c5 12. c3 bxc3 13. Nxc3 Bb7 14. e5 Nd5 15.
Nxd5 Bxd5 16. Bf3 Qc6 17. Bxd5 exd5 18. Qf3 h5 19. f5 h4 20. h3 Rc8 21. Bg5 d4
22. Qg4 Rb8 23. b3 c4 24. bxc4 Rb2 25. Rab1 Ba3 26. Rxb2 Bxb2 27. e6 d3 28.
exf7+ Kxf7 29. Rd1 Re8 30. Rxd3 Kg8 31. Bxh4 Qe4 32. Rb3 Qb1+ 33. Kh2 Qxa2 34.
Rb7 Qa1 35. Qg6 Be5+ 36. Bg3 Bxg3+ 37. Qxg3 Qe5 38. Qxe5 Rxe5 39. g4 Rc5 40. Rb4
a5 41. Rb5 Rxc4 42. Rxa5 Rc3 43. Ra2 Kh7 44. Rf2 Kh6 45. f6 gxf6 46. Rxf6+ Kg5
47. Rf5+ Kg6 48. h4 Ra3 49. Kg2 Rb3 50. Rf3 Rb1 51. Kg3 Rg1+ 52. Kf4 Ra1 53. h5+
Kh6 54. Rd3 Rf1+ 55. Kg3 Rg1+ 56. Kf3 Rf1+ 57. Kg2 Ra1 58. Rd6+ Kh7 59. Kg3 Ra3+
60. Kh4 Ra4 61. Rf6 Kg7 62. Rb6 Kh7 63. h6 Ra5 64. g5 Ra1 65. Rb7+ Kh8 66. g6
Ra8 67. Kg5 Rc8 68. Re7 Ra8 69. Rf7 Ra5+ 70. Kf4 Ra4+ 71. Ke5 Ra5+ 72. Kd4 Ra4+
73. Kc5 Ra5+ 74. Kb4 Ra8 75. g7+ Kg8 76. h7+ Kxh7 77. Rf8 {Black resigns} 1-0

[Event "Team 45 45 League T54"]
[Site "Internet Chess Club"]
[Date "2012.08.26"]
[Round "2"]
[White "Zkid"]
[Black "Morovon23"]
[Result "1/2-1/2"]
[WhiteElo "2278"]
[BlackElo "2346"]
[Opening "Scotch game"]
[ECO "C45"]
[Time "19:00:08"]
[TimeControl "2700+45"]

1. e4 e5 2. Nf3 Nc6 3. d4 exd4 4. Nxd4 Bc5 5. Be3 Qf6 6. c3 Nge7 7. Bc4 Ne5 8.
Be2 d5 9. O-O dxe4 10. Nb5 Bd6 11. Bc5 O-O 12. Nxd6 cxd6 13. Qxd6 Qxd6 14. Bxd6
N5g6 15. Nd2 Bf5 16. g4 Rfd8 17. gxf5 Nxf5 18. Nxe4 Nxd6 19. Nxd6 Rxd6 20. Rfd1
Rad8 21. Rxd6 Rxd6 22. Rd1 Rxd1+ 23. Bxd1 Kf8 24. Kg2 Ke7 25. Kf3 Ke6 26. Bb3+
Kd6 27. Ke4 f6 28. Bd5 b6 29. b4 f5+ 30. Kd4 Nf4 31. Bg8 Ne2+ 32. Kd3 Nf4+ 33.
Ke3 Nd5+ 34. Bxd5 Kxd5 35. Kf4 a5 36. bxa5 bxa5 37. Kxf5 Kc4 38. Ke6 Kxc3 39.
Kf7 a4 40. Kxg7 a3 41. f4 Kb2 42. f5 Kxa2 43. f6 Kb3 44. f7 a2 45. f8=Q a1=Q+
46. Kxh7 Qb1+ 47. Kh6 Qc1+ 48. Kh5 Qd1+ 49. Kh4 Qe1+ 50. Kg4 Qg1+ 51. Kh3 Qe3+
52. Kg2 Qg5+ 53. Kf1 Qc1+ 54. Kf2 Qd2+ 55. Kg1 Qc1+ 56. Kg2 Qg5+ {Game drawn by
mutual agreement} 1/2-1/2

[Event "Team 45 45 League T54"]
[Site "Internet Chess Club"]
[Date "2012.08.26"]
[Round "2"]
[White "Chesspyrate"]
[Black "StephenHawking"]
[Result "1/2-1/2"]
[WhiteElo "2172"]
[BlackElo "2195"]
[Opening "Queen's Indian: 4.Nc3, main line"]
[ECO "E13"]
[Time "08:00:28"]
[TimeControl "2700+45"]

1. d4 Nf6 2. c4 e6 3. Nf3 b6 4. Nc3 Bb7 5. Bg5 h6 6. Bh4 Bb4 7. e3 O-O 8. Bd3 c5
9. a3 Bxc3+ 10. bxc3 d6 11. O-O Nbd7 12. Re1 Qe7 13. e4 e5 14. Qc2 Rac8 15. d5
g5 16. Bg3 Nh5 17. Nd2 Ndf6 18. Nf1 Ne8 19. Ne3 Neg7 20. Be2 Nf4 21. Bg4 Rc7 22.
h3 h5 23. Bd1 Bc8 24. a4 a5 25. Rb1 Rb7 26. Bh2 Qf6 27. Qd2 Qh6 28. Rb2 f5 29.
Bc2 fxe4 30. Bxe4 Bd7 31. Reb1 Rfb8 32. Qc2 Qf6 33. Re1 Kf7 34. Bg3 Ke7 35. Rbb1
Rh8 36. f3 Kd8 37. Rb2 Kc7 38. Reb1 Rf8 39. Bf2 Qd8 40. Qd1 Kb8 41. Qc2 Ka7 42.
Bg3 Rb8 43. Bh2 Qf6 44. Kh1 Rh8 45. Kg1 Rhf8 46. Bg3 Qh6 47. Re1 Rf6 48. Qd1 Qh8
49. Bh2 Nf5 50. Bxf4 gxf4 51. Nxf5 Bxf5 52. Bxf5 Rxf5 53. Rb5 Qg7 54. Qc2 Rg5
55. Rb2 Qd7 56. Kh2 Rg3 57. Qb3 Rb7 58. Qc2 Qf7 59. Qb3 Qe8 60. Kh1 Qd8 61. Ree2
Rbg7 62. Re1 Rb7 63. Ree2 Qc8 64. Kh2 Ka8 65. Qb5 Ka7 66. Qb3 Qd7 67. Qc2 Rb8
68. Qb3 Ka8 69. Re1 Qg7 70. Kh1 Qe7 71. Qb5 Ka7 72. Qc6 Rg7 73. Reb1 Qc7 74.
Qxc7+ Rxc7 75. Re2 Rg7 76. h4 Rbb7 77. Rbb2 Kb8 78. Kh2 Kc7 79. Re4 Kd7 80. Kh1
Rg8 81. Kh2 Ke7 82. Kh1 Kf6 83. Kh2 Kf5 84. Kh1 Rg4 85. Kg1 Rxh4 86. Rbe2 Rg7
87. Rb2 Rh3 88. Kf1 Rh1+ 89. Kf2 Rc1 90. Ree2 Rb7 91. Rbc2 Rh1 92. Rb2 h4 93.
Re1 Rxe1 94. Kxe1 e4 95. fxe4+ Kxe4 96. Ke2 Rg7 97. Kf2 Kd3 98. Rxb6 Rg6 99. Ra6
Kxc3 100. Rxa5 Kxc4 101. Ra7 Kxd5 102. a5 Rg3 103. Rh7 Ra3 104. Rxh4 Rxa5 105.
Rxf4 Ke5 106. Rf8 Ra4 107. Kf3 c4 108. g4 Ra3+ 109. Kf2 c3 110. Ke3 Ra4 111. Kd3
Rxg4 112. Re8+ Kd5 113. Kxc3 Rg3+ 114. Kc2 Kd4 115. Rh8 Rg2+ 116. Kb3 Re2 117.
Rh4+ Kd3 118. Rh5 Re5 119. Rh3+ Re3 120. Rh5 Kd4+ 121. Kb4 d5 122. Kb5 Re1 123.
Kc6 Re6+ 124. Kb5 Re5 125. Rh3 Re3 126. Rh4+ Ke5 127. Rh5+ Kd6 128. Rh6+ Re6
129. Rh8 Re7 130. Rh6+ Ke5 131. Rh1 Rc7 132. Rh5+ Kd4 133. Rh4+ Kc3 134. Rh3+
Kc2 135. Rh2+ Kb3 136. Rd2 Rb7+ 137. Kc6 {Game drawn by mutual agreement}
1/2-1/2

[Event "Team 45 45 League T54"]
[Site "Internet Chess Club"]
[Date "2012.08.24"]
[Round "2"]
[White "perikitosax"]
[Black "JustinSane"]
[Result "1/2-1/2"]
[WhiteElo "1936"]
[BlackElo "2024"]
[Opening "QGD: classical variation (5.Bf4)"]
[ECO "D37"]
[Time "11:05:21"]
[TimeControl "2700+45"]

1. d4 d5 2. Nf3 e6 3. c4 Nf6 4. Nc3 Be7 5. Bf4 Nbd7 6. e3 O-O 7. c5 c6 8. h3 b6
9. b4 a5 10. a3 Ba6 11. Bxa6 Rxa6 12. b5 cxb5 13. c6 b4 14. Nb5 bxa3 15. O-O Ne4
16. cxd7 Qxd7 17. Qd3 Raa8 18. Nxa3 Bxa3 19. Rxa3 b5 20. Rfa1 a4 21. Rb1 Rfc8
22. g4 Rc4 23. Ne5 Qe7 24. Rxb5 Qh4 25. Nxc4 Qxf2+ 26. Kh1 Qf3+ 27. Kh2 Qf2+
{Game drawn by mutual agreement} 1/2-1/2

[Event "Team 45 45 League T54"]
[Site "Internet Chess Club"]
[Date "2012.08.26"]
[Round "2"]
[White "MaartenKoning"]
[Black "chess9793"]
[Result "1/2-1/2"]
[WhiteElo "2260"]
[BlackElo "2189"]
[Opening "Sicilian: Smith-Morra gambit"]
[ECO "B21"]
[Time "11:07:21"]
[TimeControl "2700+45"]

1. e4 c5 2. d4 cxd4 3. c3 dxc3 4. Nxc3 Nc6 5. Nf3 d6 6. Bc4 a6 7. O-O Nf6 8. Bf4
Bg4 9. h3 Bh5 10. Qb3 Qb8 11. Rfe1 e5 12. Ng5 Nd4 13. Bxf7+ Kd7 14. Be6+ Ke8 15.
Bf7+ Kd7 16. Be6+ Ke8 17. Bf7+ Kd7 {Game drawn by repetition} 1/2-1/2

[Event "Team 45 45 League T54"]
[Site "Internet Chess Club"]
[Date "2012.08.24"]
[Round "2"]
[White "Cryptochess"]
[Black "universe"]
[Result "0-1"]
[WhiteElo "2097"]
[BlackElo "2170"]
[Opening "French: King's Indian attack"]
[ECO "C00"]
[Time "20:38:16"]
[TimeControl "2700+45"]

1. e4 e6 2. d3 d5 3. Nd2 c5 4. g3 Nf6 5. Bg2 Nc6 6. Ngf3 Bd6 7. O-O O-O 8. Re1
Qc7 9. Qe2 Nd7 10. exd5 exd5 11. c4 Nf6 12. cxd5 Nxd5 13. Nc4 Bg4 14. Ne3 Nxe3
15. Bxe3 Rfe8 16. Qd2 Rad8 17. Rac1 Qb6 18. Ng5 Bf8 19. Ne4 Nd4 20. Bxd4 cxd4
21. Qg5 Bd7 22. Qf4 Be6 23. Ng5 Bxa2 24. Be4 h6 25. Nf3 Bb4 26. Re2 Be6 27. Nh4
Be7 28. Qf3 Bg5 29. Rce1 Bxh4 30. gxh4 Re7 31. Kh1 Rde8 32. Rg1 Kh8 33. Qg3 f5
34. Bf3 Bd7 35. Bh5 f4 36. Qg2 Qf6 37. Rxe7 Rxe7 38. Bf3 Bc6 39. Bxc6 bxc6 40.
Qf3 Qxh4 41. Qxc6 Qh3 42. Qd5 Kh7 43. Rd1 f3 44. Rg1 Re1 {White resigns} 0-1

[Event "Team 45 45 League T54"]
[Site "Internet Chess Club"]
[Date "2012.08.24"]
[Round "2"]
[White "Campagnolo"]
[Black "Legal"]
[Result "1-0"]
[WhiteElo "2075"]
[BlackElo "2013"]
[Opening "King's Indian: 5.Nf3"]
[ECO "E90"]
[Time "21:03:48"]
[TimeControl "2700+45"]

1. Nf3 Nf6 2. c4 g6 3. Nc3 Bg7 4. e4 d6 5. d4 c6 6. h3 Qc7 7. Be2 Nbd7 8. Bg5
O-O 9. O-O Re8 10. Rc1 e5 11. d5 h6 12. Be3 Kh7 13. Nd2 a6 14. b4 c5 15. a3 b6
16. Rb1 Nf8 17. Qc2 Ng8 18. Bd3 Ne7 19. Rb2 f5 20. exf5 gxf5 21. Rfb1 Kh8 22.
bxc5 bxc5 23. Nf1 Nh7 24. Ng3 Rf8 25. Nh5 Ng5 26. Nxg7 Kxg7 27. f4 Nf7 28. Ne2
Nh8 29. Ng3 e4 30. Qc3+ Kh7 31. Be2 Ng8 32. Nh5 Ra7 33. a4 Qf7 34. Rb6 Rb7 35.
a5 Rxb6 36. Rxb6 Nf6 37. Nxf6+ Qxf6 38. Qxf6 Rxf6 39. Bxc5 {Black resigns} 1-0

[Event "Team 45 45 League T54"]
[Site "Internet Chess Club"]
[Date "2012.08.22"]
[Round "2"]
[White "Dracoac"]
[Black "TerryMalloy"]
[Result "0-1"]
[WhiteElo "1785"]
[BlackElo "2077"]
[Opening "English: symmetrical variation"]
[ECO "A33"]
[Time "21:09:56"]
[TimeControl "2700+45"]

1. Nf3 c5 2. c4 Nc6 3. d4 cxd4 4. Nxd4 Nf6 5. Nc3 e6 6. g3 Ne5 7. Qa4 Qb6 8. Nb3
Be7 9. Bg2 O-O 10. Be3 Qb4 11. Rc1 Nxc4 12. Qxb4 Bxb4 13. Bc5 Bxc5 14. Nxc5 d5
15. b3 Nd6 16. O-O b6 17. Nd3 Ba6 18. Nb4 Bb7 19. Rfd1 a5 20. Nd3 Rac8 21. Na4
Rxc1 22. Rxc1 Rc8 23. Nxb6 Rxc1+ 24. Nxc1 Kf8 25. a3 Ke7 26. b4 axb4 27. axb4
Nfe4 28. Nd3 Ba6 29. Na4 Kd8 30. Bf3 Kc7 31. Nac5 Bb5 32. Nb3 Kb6 33. Ndc5 Nc3
34. Nc1 Bc4 35. N1d3 Kb5 36. Kf1 Na2 37. Ke1 Nxb4 38. Nxb4 Kxb4 39. Nd3+ Bxd3
40. exd3 Kc3 41. Ke2 Nb7 42. Ke3 Nc5 43. d4 Nb3 44. Be2 Nxd4 45. Bd3 h6 46. f4
f6 47. Bg6 e5 48. Bf7 Nf5+ 49. Kf3 d4 50. fxe5 fxe5 51. Bh5 Nd6 52. Ke2 d3+ 53.
Kd1 e4 54. Bg6 e3 55. g4 Nc4 56. h4 Nb2+ 57. Ke1 d2+ 58. Ke2 d1=Q+ 59. Kxe3 Nc4+
60. Kf2 Qd2+ 61. Kf3 Qe3+ 62. Kg2 Qe2+ 63. Kg1 Ne3 64. Be4 Qxg4+ 65. Kh1 Qxe4+
66. Kg1 Qf3 67. Kh2 Qg2# {White checkmated} 0-1

[Event "Team 45 45 League T54"]
[Site "Internet Chess Club"]
[Date "2012.08.25"]
[Round "2"]
[White "almond123"]
[Black "justice02"]
[Result "1/2-1/2"]
[WhiteElo "1421"]
[BlackElo "1678"]
[Opening "Caro-Kann: classical variation"]
[ECO "B18"]
[Time "12:00:38"]
[TimeControl "2700+45"]

1. e4 c6 2. d4 d5 3. Nc3 dxe4 4. Nxe4 Bf5 5. Nc3 e6 6. Nf3 Bd6 7. Be2 Bc7 8. O-O
Qd6 9. Bd2 Nf6 10. g3 Nd5 11. Nxd5 Qxd5 12. c4 Qd7 13. Re1 O-O 14. Bb4 Rd8 15.
Bc3 h6 16. Qb3 b6 17. Rad1 Qe8 18. d5 c5 19. dxe6 Rxd1 20. exf7+ Qxf7 21. Rxd1
Be4 22. Bd2 Bxf3 23. Qxf3 Qe6 24. Qxa8 Qxe2 25. Qd5+ Kf8 26. Re1 Qg4 27. Qe4
Qxe4 28. Rxe4 Nc6 29. a3 Nd4 30. Bf4 Bd8 31. Bd6+ Kf7 32. Rf4+ Ke6 33. Bf8 Ne2+
34. Kf1 Nxf4 35. gxf4 Bf6 36. Kg2 Bxb2 37. a4 Bf6 38. Kf3 h5 39. Ke4 g6 40. f3
Bd4 41. Bh6 Bg1 42. h3 Bd4 43. Bg5 Bc3 44. Bh4 Bf6 45. Bg5 h4 46. Bh6 Kd6 47.
Bg5 Ke6 48. Bh6 {Game drawn by mutual agreement} 1/2-1/2

[Event "Team 45 45 League T54"]
[Site "Internet Chess Club"]
[Date "2012.08.26"]
[Round "2"]
[White "KevinTaylor"]
[Black "lionking819"]
[Result "1-0"]
[WhiteElo "1541"]
[BlackElo "1437"]
[Opening "King's Indian: Torre attack"]
[ECO "A48"]
[Time "12:30:34"]
[TimeControl "2700+45"]

1. d4 Nf6 2. Nf3 g6 3. Bg5 Bg7 4. Nbd2 d5 5. e3 Bf5 6. Bd3 Bxd3 7. cxd3 Nc6 8.
Qb3 Rb8 9. O-O O-O 10. Rac1 Re8 11. Nb1 Qd6 12. Nc3 e5 13. Bxf6 Bxf6 14. Qxd5
Qxd5 15. Nxd5 Bg7 16. dxe5 Nxe5 17. Nxe5 Bxe5 18. d4 Bg7 19. Rxc7 Red8 20. Nf4
Rdc8 21. Rfc1 Rd8 22. Kf1 Kf8 23. Ke2 Ke8 24. Ne6 Bf6 25. Nxd8 Rxd8 26. Rxb7 a6
27. Rcc7 {Black resigns} 1-0

[Event "Team 45 45 League T54"]
[Site "Internet Chess Club"]
[Date "2012.08.24"]
[Round "2"]
[White "chess-fan"]
[Black "palm47"]
[Result "1/2-1/2"]
[WhiteElo "1726"]
[BlackElo "1473"]
[Opening "Pirc: classical (two knights) system"]
[ECO "B08"]
[Time "18:30:44"]
[TimeControl "2700+45"]

1. e4 d6 2. d4 Nf6 3. Nc3 g6 4. Nf3 Bg7 5. Bc4 c6 6. Bb3 O-O 7. O-O Qa5 8. Re1
Nbd7 9. Bd2 Qd8 10. Qc1 e5 11. Bg5 exd4 12. Nxd4 Qb6 13. Nf3 Re8 14. Bf4 Ng4 15.
Be3 Nxe3 16. Qxe3 d5 17. Qxb6 Nxb6 18. Rad1 Bxc3 19. bxc3 Bg4 20. exd5 Bxf3 21.
Rxe8+ Rxe8 22. gxf3 cxd5 23. Bxd5 Nxd5 24. Rxd5 Rc8 25. Rd3 Kf8 26. Kf1 Ke7 27.
Ke2 Rc7 28. Kd2 Rc6 29. Rd4 Ra6 30. Rb4 b6 31. a4 Ra5 32. Ke3 Rc5 33. Kd4 Rf5
34. Ke3 Rc5 35. Kd4 Kd6 36. Rb5 Kc6 37. Rxc5+ bxc5+ 38. Kc4 a5 39. f4 f6 40. h3
h6 41. h4 f5 42. Kd3 Kd5 43. c4+ Ke6 44. Ke3 Kf6 45. Kf3 h5 {Game drawn by
mutual agreement} 1/2-1/2

[Event "Team 45 45 League T54"]
[Site "Internet Chess Club"]
[Date "2012.08.26"]
[Round "2"]
[White "otherook"]
[Black "LazyPeon"]
[Result "1/2-1/2"]
[WhiteElo "1760"]
[BlackElo "1720"]
[Opening "English opening"]
[ECO "A20"]
[Time "16:01:53"]
[TimeControl "2700+45"]

1. c4 e5 2. g3 Nf6 3. Bg2 d5 4. cxd5 Nxd5 5. Nc3 Nb6 6. d3 Nc6 7. Nf3 Be7 8. O-O
O-O 9. a4 a5 10. Be3 Be6 11. Bxb6 cxb6 12. Nb5 Bc5 13. Nxe5 Nxe5 14. d4 Qe7 15.
dxc5 bxc5 16. Qd6 Qxd6 17. Nxd6 Nc4 18. Nxb7 Rab8 19. Nxc5 Rxb2 20. Nxe6 fxe6
21. Bh3 Rxe2 22. Rfe1 Rc2 23. Bxe6+ Kh8 24. Rac1 Rxc1 25. Rxc1 Nb6 26. Rc5 Nxa4
27. Rxa5 Nc3 28. f3 h6 29. f4 Rd8 30. Kf2 Ne4+ 31. Kf3 Nf6 32. Bf5 Rb8 33. Ra3
Rd8 34. h3 Rb8 35. g4 Kg8 36. Bg6 Nd5 37. Ra7 Nf6 38. f5 Rd8 39. Ke3 Rb8 40. Kd4
Rd8+ 41. Ke5 Nd7+ 42. Ke6 Nf8+ 43. Ke7 Rb8 44. Bf7+ Kh8 45. Bg6 Rc8 46. h4 Rb8
47. g5 hxg5 48. hxg5 Nxg6+ 49. fxg6 Kg8 50. Ke6 Rb6+ 51. Kf5 Rb5+ 52. Ke6 Rb6+
53. Kf5 Rb5+ 54. Kf4 Rb8 55. Ke4 Kf8 56. Rf7+ Kg8 57. Rd7 Kf8 58. Ke5 Re8+ 59.
Kd6 Ra8 60. Rf7+ Kg8 61. Ke7 Rb8 62. Kd7 Rb7+ 63. Ke8 Rb8+ 64. Ke7 Rb7+ 65. Ke6
Rb6+ 66. Kf5 Rb5+ 67. Kg4 Rb4+ 68. Kh5 Ra4 69. Rb7 Ra8 {Game drawn by mutual
agreement} 1/2-1/2

[Event "Team 45 45 League T54"]
[Site "Internet Chess Club"]
[Date "2012.08.26"]
[Round "2"]
[White "Buford-Julep"]
[Black "crazyhorses"]
[Result "1/2-1/2"]
[WhiteElo "1602"]
[BlackElo "1453"]
[Opening "QGD: 4.Nf3"]
[ECO "D37"]
[Time "15:01:36"]
[TimeControl "2700+45"]

1. Nf3 Nf6 2. c4 e6 3. d4 d5 4. Nc3 dxc4 5. e4 a6 6. Bg5 Be7 7. Bxc4 b5 8. Bd3
Bb7 9. Qe2 O-O 10. O-O Nbd7 11. Rfd1 c6 12. e5 Nd5 13. Qe4 g6 14. Qh4 f5 15.
exf6 Bxf6 16. Ne4 Bxg5 17. Qxg5 Qxg5 18. Nfxg5 e5 19. Rac1 exd4 20. Ne6 Rf7 21.
Nxd4 Ne5 22. Nd6 Nxd3 23. Rxd3 Re7 24. Nxb7 Rae8 25. g3 Rxb7 26. Nxc6 Nf6 27.
Rcd1 Rc7 28. Nb4 a5 29. Nd5 Nxd5 30. Rxd5 Re2 31. Rxb5 Rcc2 32. Rf1 Rxb2 33.
Rxb2 Rxb2 34. Ra1 {Game drawn by mutual agreement} 1/2-1/2

[Event "Team 45 45 League T54"]
[Site "Internet Chess Club"]
[Date "2012.08.26"]
[Round "2"]
[White "Whalen"]
[Black "losscause"]
[Result "1/2-1/2"]
[WhiteElo "1655"]
[BlackElo "1627"]
[Opening "QGD Slav: 3.Nf3"]
[ECO "D11"]
[Time "12:00:41"]
[TimeControl "2700+45"]

1. d4 d5 2. c4 c6 3. Nf3 Nf6 4. Qc2 a6 5. cxd5 cxd5 6. Nc3 e6 7. Bg5 Be7 8. e3
b5 9. a3 Bb7 10. Bd3 h6 11. Bh4 Nc6 12. O-O Rc8 13. Rfc1 O-O 14. Qe2 Na5 15. Bc2
b4 16. axb4 Bxb4 17. Qd3 g6 18. Ne5 g5 19. Bg3 Bxc3 20. bxc3 Ne4 21. c4 dxc4 22.
Qa3 Nb3 23. Bxb3 cxb3 24. Qxb3 Rxc1+ 25. Rxc1 Bd5 26. Qa3 Nxg3 27. hxg3 Qa8 28.
Nd7 Rc8 29. Ra1 Qc6 30. Nf6+ Kg7 31. Nxd5 Qxd5 32. Qxa6 Rd8 33. Qa7 Kg6 34. Ra5
Qd7 35. Qb6 Qd6 36. Qb5 Qb8 37. Qa6 Qd6 38. Qd3+ Kg7 39. Rc5 e5 40. Rxe5 Qxe5
41. f4 Qe6 42. e4 Re8 43. e5 Qd5 44. f5 Rxe5 45. f6+ Kxf6 46. dxe5+ Qxe5 47.
Qf3+ Kg6 48. Qd3+ Qf5 49. Qd6+ Qe6 50. Qd3+ f5 51. g4 {Game drawn by mutual
agreement} 1/2-1/2

[Event "Team 45 45 League T54"]
[Site "Internet Chess Club"]
[Date "2012.08.25"]
[Round "2"]
[White "SirIvanhoe"]
[Black "ElmerHo"]
[Result "1/2-1/2"]
[WhiteElo "1534"]
[BlackElo "1505"]
[Opening "Bishop's opening: Berlin defense"]
[ECO "C24"]
[Time "19:00:34"]
[TimeControl "2700+45"]

1. e4 e5 2. Bc4 Nf6 3. d3 c6 4. Bb3 d5 5. Nf3 Bd6 6. Nc3 dxe4 7. dxe4 O-O 8. O-O
Bg4 9. Bg5 Bxf3 10. Qxf3 Nbd7 11. Rad1 Qc7 12. Rd3 Be7 13. Rfd1 Rad8 14. R1d2
Nc5 15. Rxd8 Rxd8 16. Rxd8+ Qxd8 17. Bc4 Qd4 18. Bxf6 Bxf6 19. Qe2 b5 20. Bd3
Nxd3 21. cxd3 g6 22. Qc2 Qd6 23. Kf1 Bd8 24. a3 Bb6 25. Qe2 b4 26. axb4 Qxb4 27.
Qc2 {Game drawn by mutual agreement} 1/2-1/2

[Event "Team 45 45 League T54"]
[Site "Internet Chess Club"]
[Date "2012.08.26"]
[Round "2"]
[White "cBishop"]
[Black "iletrado"]
[Result "0-1"]
[WhiteElo "1599"]
[BlackElo "1787"]
[Opening "QGD"]
[ECO "D52"]
[Time "08:00:39"]
[TimeControl "2700+45"]

1. d4 d5 2. c4 e6 3. Nf3 Nf6 4. Bg5 Nbd7 5. e3 c6 6. Nc3 Be7 7. Qc2 h6 8. Bh4
O-O 9. Bd3 dxc4 10. Bxc4 b5 11. Bd3 Bb7 12. O-O Rc8 13. Qd2 Nd5 14. Bxe7 Qxe7
15. Nxd5 exd5 16. b4 Nb6 17. Ne5 Nc4 18. Nxc4 dxc4 19. Bf5 Rcd8 20. Qc3 Rfe8 21.
Rae1 Qf6 22. Bg4 Rd5 23. f4 a6 24. Bf3 Rd7 25. Qc2 Rde7 26. Qd2 Qd6 27. Rf2 Rd8
28. Qc3 Rde8 29. Rfe2 Qf6 30. Qd2 Rd8 31. Qc3 Red7 32. Qc2 Qd6 33. a3 Qc7 34.
Qf5 Bc8 35. Qc5 Rd6 36. d5 Rxd5 37. Bxd5 Rxd5 38. Qxd5 cxd5 39. Rd1 Be6 40. h3
a5 41. g4 axb4 42. axb4 f6 43. f5 Qg3+ 44. Kf1 Qxh3+ 45. Rg2 Qh1+ {White
resigns} 0-1